 Dungeon Crawl Stone Soup version 0.29.0-13-gc9e81de378 (webtiles) character file.

Game seed: 478070486590624245

62 Artool the Ducker (level 3, 0/28 HPs)
             Began as a Demonspawn Gladiator on Sept 8, 2022.
             Killed by divine providence
             ... invoked by an orc priest
              (16 damage)
             ... on level 3 of the Dungeon.
             The game lasted 00:02:01 (2459 turns).

Artool the Ducker (Demonspawn Gladiator)            Turns: 2459, Time: 00:02:01

Health: 0/28       AC: 14    Str: 16    XL:     3   Next: 85%
Magic:  3/3        EV: 10    Int:  9    God:
Gold:   64         SH:  0    Dex: 14    Spells: 2/2 levels left

rFire   . . .      SeeInvis .   o - +1 flail (protect)
rCold   . . .      Faith    .   (no shield)
rNeg    . . .      Spirit   .   q - +0 scale mail
rPois   .          Reflect  .   c - +0 helmet
rElec   .          Harm     .   (no cloak)
rCorr   .          Rampage  .   (no gloves)
Will    +....                   (no boots)
Stlth   ..........              (no amulet)
HPRegen 0.09/turn               p - ring of willpower
MPRegen 0.08/turn               (no ring)

@: under a protective aura
A: weakness stinger 1
a: no special abilities


You were on level 3 of the Dungeon.
You visited 1 branch of the dungeon, and saw 3 of its levels.

You collected 64 gold pieces.

Inventory:

Hand Weapons
 a - a +0 flail
 o - a +1 flail of protection (weapon)
Missiles
 d - 3 throwing nets (quivered)
 e - a javelin
Armour
 b - a +0 leather armour
 c - a +0 helmet (worn)
 q - a +0 scale mail (worn)
Magical Staves
 m - a staff of cold
Jewellery
 p - a ring of willpower (left hand)
Scrolls
 f - 2 scrolls of identify {unknown}
 g - a scroll of silence {unknown}
 h - a scroll of vulnerability {unknown}
 i - a scroll of teleportation {unknown}
 k - a scroll of magic mapping {unknown}
 l - a scroll of amnesia {unknown}
Potions
 j - a potion of flight {unknown}
 n - a potion of heal wounds {unknown}
 r - a potion of curing {unknown}


   Skills:
 + Level 2.7 Fighting
 + Level 3.2 Maces & Flails
 - Level 1.7 Throwing
 + Level 1.3 Armour
 + Level 3.2 Dodging


You had 2 spell levels left.
You didn't know any spells.
Your spell library contained the following spells:

 Spells                   Type           Power      Damage    Failure   Level
 Conjure Flame            Conj/Fire      0%         6-21      99%         3
 Ignite Poison            Fire/Tmut/Pois 0%         N/A       99%         3
 Sticky Flame             Conj/Fire      0%         2d3       100%        4


Dungeon Overview and Level Annotations

Branches:
Dungeon (3/15)

Altars:

Shops:
D:1 (


Innate Abilities, Weirdness & Mutations

You have a small tail.


Message History

You start resting.
HP restored.
Things that are here:
a +0 dagger; a goblin skeleton
p - a ring of willpower
p - a ring of willpower (left hand)
You see here a +0 scale mail.
You start removing your armour.
You continue taking off your +0 leather armour. x4
You finish taking off your +0 leather armour.
You start putting on your armour.
You continue putting on your +0 scale mail. x5
You finish putting on your +0 scale mail.
r - a puce potion An orc and a ball python come into view.
The orc shouts!
You hear a shout! x2
An orc priest comes into view. It is wielding a +0 flail.
The orc priest calls down the wrath of Beogh upon you.
Beogh smites you!
An orc comes into view. It is wielding a +0 club.
You hear a shout!
There is a stone staircase leading up here.
You closely miss the ball python. You tail-slap the ball python.
The ball python is moderately wounded.
The ball python barely misses you. The ball python closely misses you.
You hit the ball python.
Your weapon exudes an aura of protection.
You kill the ball python!
You see here a ball python corpse.
The orc closely misses you. The orc barely misses you.
You hit the orc.
Your weapon exudes an aura of protection.
The orc is severely wounded.
The orc hits you but does no damage. x2
You thump the orc!
You kill the orc!
The orc priest mumbles some strange prayers to Beogh against you.
Beogh smites you!
Ouch! That really hurt!
You die...

..# #)# #)# #)#
######.######
#........<..#
#.#.....†...###
#.#...o.........
#.#.##@####.##...
###.##)# .# #.
#.##o### .#
#.##...# #
#.####.# #.# #.#
#.. ... #.. .....
......o


You could see an orc priest and an orc.

Vanquished Creatures
  Robin (D:3)
  A gnoll (D:3)
  A worm (D:2)
  An orc (D:3)
  5 ball pythons
  2 bats (D:1)
  An endoplasm (D:1)
  A giant cockroach (D:1)
  7 goblins
  5 hobgoblins
  5 quokkas
  A frilled lizard (D:2)
  2 kobolds
  3 rats
36 creatures vanquished.

Vanquished Creatures (others)
  11 toadstools (D:2)
11 creatures vanquished.

Grand Total: 47 creatures vanquished

Notes
Turn   | Place    | Note
-------+----------+-------------------------------------------
     0 | D:1      | Artool the Demonspawn Gladiator began the quest for the
                  | Orb.
     0 | D:1      | Reached XP level 1. HP: 16/16 MP: 1/1
   403 | D:1      | Gained mutation: You have a small tail. [demonic ancestry]
   403 | D:1      | Reached XP level 2. HP: 21/22 MP: 2/2
  1250 | D:1      | Found Raal Woephaph's Weapon Emporium.
  1531 | D:2      | Reached skill level 1 in Armour
  1611 | D:2      | Reached XP level 3. HP: 21/28 MP: 3/3
  2110 | D:3      | Noticed Robin
  2121 | D:3      | Killed Robin
  2122 | D:3      | HP: 1/28 [goblin/+0 dagger[Robin] (2)]
  2459 | D:3      | Killed from afar by an orc priest

Illustrated notes

Levels and vault maps discovered:
D:1:      elethiomel_arrival_infinity_welcomes_careful_drivers, layout_basic,
          serial_shops, nicolae_shop_bloodbath_and_beyond
D:2:      cheibrodos_fertilizer, layout_basic, minmay_misc_feat_columns,
          kennysheep_cross_room
D:3:      minmay_wonky_spiral, layout_loops_ring, item_on_display_a, uniq_robin,
          uniq_grinder

Skill      XL: |  1  2 |
---------------+-------+-----
Dodging        | 3 |  3.2
Maces & Flails | 3 |  3.2
Armour         | 1 |  1.3
Fighting       | |  2.7
Throwing       | |  1.7

Action                   || total
-------------------------++-------
Melee: Flail             ||   111
       Tailslap          ||     8
 Stab: Sleeping          ||     1
Armor: Leather armour    ||    37
       Scale mail        ||     2
Dodge: Dodged            ||    71
